 Dungeon Crawl Stone Soup version 0.23.2-33-g5129a83184 (webtiles) character file.

Game seed: 16689792749879624072

1128279 DildoBatman the Petrodigitator (level 27, -5/249 HPs)
             Began as a Formicid Wizard on July 16, 2019.
             Was an Initiate of Gozag.
             Killed from afar by a hellion (37 damage)
             ... with damnation
             ... on level 7 of Gehenna on July 17, 2019.
             The game lasted 09:05:04 (96237 turns).

DildoBatman the Petrodigitator (Formicid Wizard)   Turns: 96237, Time: 09:05:04

Health: -5/249     AC: 30    Str: 23    XL:     27
Magic:  11/47      EV: 30    Int: 30    God:    Gozag
Gold:   6457       SH: 29    Dex: 19    Spells: 22/67 levels left

rFire    + + +     SeeInvis +   a - staff of energy
rCold    + + +     Gourm    .   t - +2 large shield
rNeg     + + +     Faith    .   o - +4 troll leather armour
rPois    ∞         Spirit   .   (helmet unavailable)
rElec    +         Reflect  .   c - +2 cloak of the Thief {+Fog Slay-2 SInv Stlth+}
rCorr    +         Harm     .   P - +2 pair of gloves {Dex+3}
MR       +++..     Clarity  +   W - +2 pair of boots {run}
Stlth    ++++++++..             r - amulet of the Blind Eye {Regen+ Str+2 Dex+2}
HPRegen  1.31/turn              V - ring "Ragear" {rF++ rC+ Stlth-}
MPRegen  0.30/turn              l - ring "Vuke" {Wiz *Contam rElec Str+6 Stlth+}

@: agile, lich-form, resistant (expiring), gold aura, flying, studying 2 skills,
deflect missiles, quick
A: permanent stasis, dig shafts and tunnels, four strong arms, antennae 3, icy
blue scales 1, clarity, cold resistance 1, strong 1
}: 6/15 runes: decaying, serpentine, slimy, silver, golden, icy
a: Dig, Shaft Self, End Transformation, Potion Petition, Call Merchant, Bribe
Branch, Renounce Religion, Evoke Fog


You were on level 7 of Gehenna.
You worshipped Gozag.
Gozag was greatly pleased with you.
You were not hungry.
You were a lich.
You visited 16 branches of the dungeon, and saw 72 of its levels.
You visited the Abyss 2 times.
You completed 1 ziggurat, and saw 27 of its levels.
You also visited: Gauntlet and Desolation.

You collected 52107 gold pieces.
You spent 17144 gold pieces at shops.
You paid 28506 gold pieces to Gozag.

Inventory:

Hand Weapons
 b - a +9 demon trident of electrocution
Missiles
 A - 86 javelins of penetration (quivered)
 C - 4 throwing nets
Armour
 c - the +2 cloak of the Thief (worn) {+Fog Slay-2 SInv Stlth+}
   (You bought it in a shop on level 4 of the Depths)

   It affects your accuracy and damage with ranged weapons and melee attacks
   (-2).
   It lets you see invisible.
   It makes you more stealthy.
 o - a +4 troll leather armour (worn)
 t - a +2 large shield (worn)
 K - the +0 cloak of the Final Friends {*Slow rElec rPois Regen+}
   (You found it on level 12 of a ziggurat)

   It insulates you from electricity.
   It protects you from poison.
   It increases your rate of regeneration.
   It may slow you when you take damage.
 P - a +2 pair of gloves of dexterity (worn)
 W - a +2 pair of boots of running (worn)
Magical Staves
 a - an uncursed staff of energy (weapon)
Jewellery
 l - the ring "Vuke" (right hand) {Wiz *Contam rElec Str+6 Stlth+}
   (You took it off a yaktaur on level 5 of the Vaults)

   [ring of wizardry]

   It improves your spell success rate.
   It affects your strength (+6).
   It insulates you from electricity.
   It causes magical contamination when unequipped.
   It makes you more stealthy.
 m - an uncursed amulet of magic regeneration
 n - the ring "Mekai" {rCorr rC+ Str+2 Int-2}
   (You bought it in a shop on level 2 of the Snake Pit)

   [ring of resist corrosion]

   It affects your strength (+2).
   It affects your intelligence (-2).
   It protects you from cold.
 p - the ring "Muimpan" {rF+ rC+ MP+9 Str+3 Dex+2}
   (You found it on level 12 of a ziggurat)

   [ring of magical power]

   It affects your strength (+3).
   It affects your dexterity (+2).
   It protects you from fire.
   It protects you from cold.
   It affects your magic capacity (+9).
 r - the amulet of the Blind Eye (around neck) {Regen+ Str+2 Dex+2}
   (You found it on level 24 of a ziggurat)

   [amulet of regeneration]

   It affects your strength (+2).
   It affects your dexterity (+2).
   It increases your rate of regeneration.
 G - the ring of the Camelopard {rC+++ rN++ Str-2 Int+5 Stlth-}
   (You found it on level 18 of a ziggurat)

   [ring of intelligence]

   It affects your strength (-2).
   It affects your intelligence (+5).
   It renders you almost immune to cold.
   It greatly protects you from negative energy.
   It makes you less stealthy.
 N - a ring of the Octopus King {rN+ AC+1 EV+1 Str+1 Int+1 Dex+1}
   (You found it on level 24 of a ziggurat)

   [ring of positive energy]

   It affects your AC (+1).
   It affects your evasion (+1).
   It affects your strength (+1).
   It affects your intelligence (+1).
   It affects your dexterity (+1).
   It protects you from negative energy.
 V - the ring "Ragear" (left hand) {rF++ rC+ Stlth-}
   (You found it on level 21 of a ziggurat)

   [ring of protection from cold]

   It greatly protects you from fire.
   It protects you from cold.
   It makes you less stealthy.
Wands
 i - a wand of iceblast (70)
 s - a wand of acid (63)
Scrolls
 f - 20 scrolls of fog
 u - 6 scrolls of summoning
 x - 53 scrolls of remove curse
 z - 59 scrolls of identify
 E - 11 scrolls of immolation
Potions
 q - 5 potions of brilliance
 w - 8 potions of cancellation
 F - 31 potions of curing
 I - 10 potions of heal wounds
 R - 7 potions of magic
 U - 3 potions of resistance
Books
 y - a manual of Shields
 M - a manual of Staves
Miscellaneous
 d - a fan of gales
 e - a lamp of fire
 g - a fan of gales
 h - a crystal ball of energy
 j - a fan of gales
 k - the horn of Geryon
 B - a fan of gales
 D - 12 phantom mirrors
 H - 17 sacks of spiders
 J - a lamp of fire
 L - a lightning rod (4/4)
 O - 18 boxes of beasts
 Q - a phial of floods
 S - a phial of floods
 X - a crystal ball of energy
Comestibles
 v - 66 rations


   Skills:
 O Level 27 Fighting
 - Level 12.0 Polearms
   Level 1.0 Slings
 * Level 18.5 Armour
 * Level 15.8 Dodging
 * Level 13.6 Stealth
 * Level 26.4 Shields
 * Level 20.9 Spellcasting
   Level 6.0 Conjurations
   Level 6.0 Hexes
 - Level 10.0 Charms
 - Level 10.0 Summonings
 - Level 19.0 Necromancy
   Level 0.8 Translocations
 - Level 19.0 Transmutations
   Level 13.9 Fire Magic
 - Level 6.0 Ice Magic
 O Level 27 Air Magic
 O Level 27 Earth Magic
   Level 8.1 Poison Magic
 * Level 26.8 Evocations


You had 22 spell levels left.
You knew the following spells:

 Your Spells              Type           Power        Failure   Level  Hunger
a - Borgnjor's Vile Clut  Necr/Erth      ########..   0%          5    N/A
b - Shatter               Erth           ########..   1%          9    N/A
c - Tornado               Air            ########..   1%          9    N/A
d - Necromutation         Tmut/Necr      ########..   1%          8    N/A
f - Ozocubu's Armour      Chrm/Ice       ######..     1%          3    N/A
i - Deflect Missiles      Chrm/Air       #######...   1%          6    N/A
j - Aura of Abjuration    Summ           #######...   1%          5    N/A

Your spell library contained the following spells:

 Spells                   Type           Power        Failure   Level  Hunger
 Animate Skeleton         Necr           N/A          0%          1    N/A
 Beastly Appendage        Tmut           ######       0%          1    N/A
 Flame Tongue             Conj/Fire      #####        0%          1    N/A
 Infusion                 Chrm           ####         0%          1    N/A
 Pain                     Necr           ####         0%          1    N/A
 Sandblast                Erth           ######       0%          1    N/A
 Shock                    Conj/Air       ####         0%          1    N/A
 Summon Butterflies       Summ           #######.     0%          1    N/A
 Summon Small Mammal      Summ           ####         0%          1    N/A
 Corpse Rot               Necr           N/A          0%          2    N/A
 Passwall                 Tmut/Erth      ########     0%          2    N/A
 Poisonous Vapours        Pois/Air       ######       0%          2    N/A
 Sticks to Snakes         Tmut           #######.     0%          2    N/A
 Sublimation of Blood     Necr           ########..   0%          2    N/A
 Swiftness                Chrm/Air       #######.     0%          2    N/A
 Ignite Poison            Fire/Tmut/Pois #######.     0%          3    N/A
 Mephitic Cloud           Conj/Pois/Air  #######.     0%          3    N/A
 Regeneration             Chrm/Necr      ########..   0%          3    N/A
 Spider Form              Tmut/Pois      #######...   0%          3    N/A
 Static Discharge         Conj/Air       #######.     0%          3    N/A
 Stone Arrow              Conj/Erth      ######       0%          3    N/A
 Vampiric Draining        Necr           ########..   0%          3    N/A
 Airstrike                Air            ########..   0%          4    N/A
 Animate Dead             Necr           N/A          0%          4    N/A
 Leda's Liquefaction      Hex/Erth       #######...   0%          4    N/A
 Petrify                  Tmut/Erth      ########     0%          4    N/A
 Summon Lightning Spire   Summ/Air       #######.     0%          4    N/A
 Agony                    Necr           ########     0%          5    N/A
 Blade Hands              Tmut           #######...   0%          5    N/A
 Dispel Undead            Necr           ########     0%          5    N/A
 Lee's Rapid Deconstruct  Erth           ########..   0%          5    N/A
 Statue Form              Tmut/Erth      ########.    0%          6    N/A
 Apportation              Tloc           #####.       1%          1    N/A
 Confusing Touch          Hex            ######       1%          1    N/A
 Corona                   Hex            ######.      1%          1    N/A
 Freeze                   Ice            ####         1%          1    N/A
 Magic Dart               Conj           ####         1%          1    N/A
 Sting                    Conj/Pois      ####         1%          1    N/A
 Call Imp                 Summ           #######.     1%          2    N/A
 Ensorcelled Hibernation  Hex/Ice        ######       1%          2    N/A
 Searing Ray              Conj           ######       1%          2    N/A
 Shroud of Golubria       Chrm/Tloc      ######....   1%          2    N/A
 Slow                     Hex            ######..     1%          2    N/A
 Song of Slaying          Chrm           #######.     1%          2    N/A
 Throw Flame              Conj/Fire      ######       1%          2    N/A
 Throw Frost              Conj/Ice       ######       1%          2    N/A
 Call Canine Familiar     Summ           #######.     1%          3    N/A
 Confuse                  Hex            ######..     1%          3    N/A
 Conjure Flame            Conj/Fire      ######..     1%          3    N/A
 Dazzling Spray           Conj/Hex       ######       1%          3    N/A
 Gell's Gravitas          Tloc           #####.....   1%          3    N/A
 Inner Flame              Hex/Fire       ######..     1%          3    N/A
 Lesser Beckoning         Tloc           #####.....   1%          3    N/A
 Portal Projectile        Hex/Tloc       ######       1%          3    N/A
 Recall                   Summ/Tloc      N/A          1%          3    N/A
 Spectral Weapon          Hex/Chrm       ######..     1%          3    N/A
 Summon Guardian Golem    Hex/Summ       ######..     1%          3    N/A
 Teleport Other           Tloc           #####...     1%          3    N/A
 Tukima's Dance           Hex            ######..     1%          3    N/A
 Cause Fear               Hex            ######....   1%          4    N/A
 Force Lance              Conj/Tloc      ######..     1%          4    N/A
 Fulminant Prism          Conj/Hex       ######....   1%          4    N/A
 Ice Form                 Ice/Tmut       #######.     1%          4    N/A
 Iskenderun's Mystic Bla  Conj           ######..     1%          4    N/A
 Olgreb's Toxic Radiance  Pois           ######..     1%          4    N/A
 Sticky Flame             Conj/Fire      ######..     1%          4    N/A
 Summon Ice Beast         Ice/Summ       ######..     1%          4    N/A
 Throw Icicle             Conj/Ice       ######..     1%          4    N/A
 Alistair's Intoxication  Tmut/Pois      #######.     1%          5    N/A
 Bolt of Magma            Conj/Fire/Erth #######...   1%          5    N/A
 Excruciating Wounds      Chrm/Necr      ########..   1%          5    N/A
 Fireball                 Conj/Fire      ######....   1%          5    N/A
 Irradiate                Conj/Tmut      #######...   1%          5    N/A
 Iskenderun's Battlesphe  Conj/Chrm      ######..     1%          5    N/A
 Lightning Bolt           Conj/Air       #######...   1%          5    N/A
 Metabolic Englaciation   Hex/Ice        ######....   1%          5    N/A
 Silence                  Hex/Air        #######...   1%          5    N/A
 Summon Demon             Summ           #######...   1%          5    N/A
 Summon Forest            Summ/Tloc      ######....   1%          5    N/A
 Summon Mana Viper        Hex/Summ       ######..     1%          5    N/A
 Venom Bolt               Conj/Pois      ######....   1%          5    N/A
 Yara's Violent Unravell  Hex/Tmut       #######...   1%          5    N/A
 Bolt of Fire             Conj/Fire      ######....   1%          6    N/A
 Conjure Ball Lightning   Conj/Air       #######...   1%          6    N/A
 Death Channel            Necr           ########..   1%          6    N/A
 Freezing Cloud           Conj/Ice/Air   #######...   1%          6    N/A
 Hydra Form               Tmut           #######...   1%          6    N/A
 Iron Shot                Conj/Erth      #######...   1%          6    N/A
 Shadow Creatures         Summ           N/A          1%          6    N/A
 Simulacrum               Ice/Necr       ########..   1%          6    N/A
 Dragon Form              Tmut           #######...   1%          7    N/A
 Haunt                    Necr/Summ      ########..   1%          7    N/A
 Borgnjor's Revivificati  Necr           ########..   1%          8    N/A
 Infestation              Necr           ########..   1%          8    N/A
 Passage of Golubria      Tloc           N/A          3%          4    N/A
 Chain Lightning          Conj/Air       #######...   3%          8    N/A
 Lehudib's Crystal Spear  Conj/Erth      #######...   3%          8    N/A
 Poison Arrow             Conj/Pois      ######....   4%          6    N/A
 Bolt of Cold             Conj/Ice       ######....   6%          6    N/A
 Darkness                 Hex            ######....   6%          6    N/A
 Invisibility             Hex            ######..     6%          6    N/A
 Ozocubu's Refrigeration  Ice            ######....   6%          6    N/A
 Summon Hydra             Summ           #######...   7%          7    N/A
 Death's Door             Chrm/Necr      ########..   9%          8    N/A
 Ignition                 Fire           #######...   11%         8    N/A
 Spellforged Servitor     Conj/Summ      ######....   16%         7    N/A
 Orb of Destruction       Conj           ######....   32%         7    N/A
 Dispersal                Tloc           #####.....   45%         6    N/A
 Discord                  Hex            ######....   93%         8    N/A
 Disjunction              Tloc           #####.....   100%        8    N/A
 Dragon's Call            Summ           #######...   100%        9    N/A
 Fire Storm               Conj/Fire      ######....   100%        9    N/A
 Glaciate                 Conj/Ice       ######....   100%        9    N/A
 Blink                    Tloc           Unusable     N/A         2    N/A
 Controlled Blink         Tloc           Unusable     N/A         8    N/A

Dungeon Overview and Level Annotations

Branches:
Dungeon (15/15)            Temple (1/1) D:7            Lair (6/6) D:9
  Swamp (4/4) Lair:2        Snake (4/4) Lair:2        Slime (5/5) Lair:5
    Orc (2/2) D:10            Elf (3/3) Orc:2        Vaults (5/5) D:14
  Crypt (3/3) Vaults:2       Tomb (3/3) Crypt:3      Depths (5/5) D:15
   Hell (1/1)                 Dis (0/7) Hell            Geh (1/7) Hell
    Coc (7/7) Hell            Tar (0/7) Hell            Zot (5/5) Depths:5

Altars:
Ashenzari
Cheibriados
Dithmenos
Elyvilon
Fedhas
Gozag
Hepliaklqana
Kikubaaqudgha
Makhleb
Nemelex Xobeh
Okawaru
Qazlal
Ru
Sif Muna
Trog
Uskayaw
Vehumet
Wu Jian
Xom
Yredelemnul
Zin
The Shining One
Beogh
Jiyva

Shops:
D:8 :   D:9 *   D:12 !   D:13 [   Orc:2 :(?   Elf:3 ?   Snake:1 ?
Snake:2 =}=*   Vaults:1 }   Vaults:3 [::?   Vaults:4 }   Vaults:5 ??!
Depths:1 *   Depths:4 [[:![

Portals:
Hell: Depths:1 Depths:2 Depths:3 Depths:4 Depths:5
Abyss: Depths:3 Depths:4
Pandemonium: Depths:3
Trove: D:15 (give +2 shadow dragon scales)


Innate Abilities, Weirdness & Mutations

You cannot be hasted, slowed, berserked, paralysed or teleported.
You can dig through walls and to a lower floor.
Your four strong arms can wield two-handed weapons with a shield.
You have a pair of large antennae on your head. (SInv)
You are partially covered in icy blue scales. (AC +2)
You possess an exceptional clarity of mind.
Your flesh is cold resistant. (rC+)
Your muscles are strong. (Str +2)


Message History

The Brimstone Fiend is almost dead.
You kill the hellion!
You kill the crimson imp!
You kill the Brimstone Fiend!
The winds around you start to calm down.
You hear a roar!
Something shouts, "Accept thy failure, thou tasty curdle!"
You hear a hideous shriek!
You channel some magical energy.
You channel some magical energy.
You channel some magical energy.
You start to feel less resistant.
A hellion comes into view.
With a swish of your cloak, you release a cloud of fog.
The winds around you calm down. The hellion gestures at you.
The sphere of damnation explodes!
The damnation engulfs you!!!
You die...
Your body crumbles into a pile of gold.

#..#...#.......#
.....2...$........
....$.$$....$..#..
........$.$.......
....$..$$.........
...#$.$.$.........
$$$$$$.....$§$§.§.....
$ $.$.$.$.§§§§..$..§
#...$.$.$§L§§....§
.....$$$§§§...§§§
.....$$..§....§§§§
...$......$...§§§≈
$$.........$≈.≈§≈≈
.§.....≈§.§≈≈≈≈§≈≈
$§..§.$$§§§§§§≈§§§
.≈.≈≈≈≈≈§§§§§§≈§§≈


You could see a hellion.

Vanquished Creatures
  Antaeus (Coc:7)
  the Royal Jelly (Slime:5)
  7 ancient liches
  The ghost of zuik the Slayer, a legendary DsBe of Trog (Zot:4)
  Mennas (Tomb:2)
  30 greater mummies
  8 juggernauts
  Boris (twice) (Crypt:3 Tomb:3)
  Sojobo (Vaults:1)
  Bai Suzhen (Swamp:4)
  2 shard shrikes (Coc:7)
  8 Killer Klowns
  Xtahua (Vaults:2)
  Vashnia (Snake:4)
  11 caustic shrikes
  Margery (Depths:1)
  A caustic shrike (shapeshifter) (Zig:23)
  3 curse toes
  Geryon (Hell)
  21 golden dragons
  12 bone dragons
  2 doom hounds (Zig:10)
  2 profane servitors
  7 iron giants
  13 pandemonium lords
  9 Brimstone Fiends
  An electric golem (Zot:4)
  2 Tzitzimimeh
  13 hellephants
  3 Hell Sentinels
  31 tentacled monstrosities
  19 Ice Fiends
  Rupert (Lair:5)
  16 liches
  An acid blob (shapeshifter) (Depths:3)
  2 deep elf master archers (Elf:3)
  Asterion (Snake:3)
  7 Orb Guardians (Zot:5)
  3 deep elf blademasters (Elf:3)
  2 quicksilver dragons (shapeshifter) (Zig:23)
  26 acid blobs
  16 quicksilver dragons
  8 death cobs
  4 titans (Vaults:5)
  13 sphinxes
  64 tentacled starspawn
  A sphinx (shapeshifter) (Zig:23)
  4 Executioners
  19 storm dragons
  13 tengu reavers
  The ghost of zuik the Severer, an adept MiGl of Makhleb (Snake:1)
  An azure jelly (shapeshifter) (Zig:23)
  3 warmongers (Zig:20)
  9 ancient champions
  6 thorn hunters
  The ghost of Luet the Brawler, a journeyman TrMo of Jiyva (Snake:4)
  10 shadow dragons
  5 revenants
  19 nagarajas
  5 blood saints
  13 azure jellies
  3 daevas
  22 deep elf sorcerers
  24 draconian monks
  18 frost giants
  2 frost giants (shapeshifter) (Zig:23)
  11 orc warlords
  15 vault wardens
  8 ghost moths
  16 draconian knights
  14 draconian scorchers
  5 fire giants
  8 cacodemons
  Aizul (Snake:3)
  3 imperial myrmidons (Desolation)
  7 iron dragons
  4 emperor scorpions (Zig:26)
  10 balrugs
  19 draconian shifters
  5 angels
  20 draconian annihilators
  6 ghouls
  9 draconian stormcallers
  10 deep elf elementalists
  17 ironheart preservers
  2 spriggan defenders (Depths:3)
  3 elemental wellsprings (Coc:7)
  17 reapers
  10 war gargoyles
  2 juggernaut skeletons
  46 very ugly things
  6 entropy weavers
  8 bennus
  3 corrupters
  19 green draconians
  20 stone giants
  A stone giant (shapeshifter) (Zig:23)
  An ophan (Abyss:3)
  21 black draconians
  Nessos (Lair:5)
  14 deep elf annihilators
  10 lorocyprocas
  10 deep elf demonologists
  4 vampire knights
  17 dire elephants
  A minotaur (shapeshifter) (Zig:23)
  A minotaur (Gauntlet)
  2 halazid warlocks (Desolation)
  12 red draconians
  2 black suns (Zig:20)
  2 pale draconians (Depths:5)
  13 yellow draconians
  11 purple draconians
  A spark wasp (shapeshifter) (Zig:23)
  8 eidola
  11 deep elf death magi
  4 crystal guardians
  15 merfolk javelineers
  5 spark wasps
  20 white draconians
  21 jiangshi
  21 green deaths
  14 ettins
  19 blizzard demons
  15 yaktaur captains
  3 merfolk impalers (Zig:17)
  20 ogre magi
  11 death oozes
  Josephine (D:15)
  17 mummy priests
  17 fire dragons
  A fire dragon (shapeshifter) (Zig:23)
  12 great orbs of eyes
  15 deep elf high priests
  Erolcha (Orc:2)
  8 ragged hierophants (Desolation)
  35 vault guards
  7 peacekeepers (Desolation)
  16 naga warriors
  22 ice dragons
  A merfolk avatar (Zig:17)
  11 rakshasas
  5 servants of whispers (Desolation)
  2 hell beasts
  5 shambling mangroves
  67 hydras
  Erica (Orc:1)
  10 anacondas
  6 ghost crabs
  12 catoblepae
  7 spriggan air magi
  A quicksilver dragon skeleton (Geh:7)
  8 death knights
  11 centaur warriors
  3 merfolk aquamancers
  11 alligators
  10 death yaks
  63 death scarabs
  12 tengu warriors
  40 two-headed ogres
  5 alligator snapping turtles
  A death yak (shapeshifter) (Zig:23)
  18 naga sharpshooters
  5 vampire magi
  14 deep troll shamans
  12 deep troll earth magi
  Urug (Orc:2)
  44 thrashing horrors
  2 orc high priests (Zig:13)
  A shock serpent (shapeshifter) (Vaults:5)
  9 hell hogs
  A titan zombie (Hell)
  40 hell knights
  10 shock serpents
  12 soul eaters
  24 deep elf knights
  Nergalle (Lair:4)
  2 iron golems (Hell)
  17 spriggan berserkers
  49 skeletal warriors
  Sonja (Lair:2)
  22 sun demons
  73 wretched stars
  7 shadow wraiths
  A storm dragon zombie (Crypt:1)
  2 golden dragon zombies
  18 sixfirhies
  6 iron trolls
  A death drake (shapeshifter) (Elf:1)
  4 sea snakes (Zig:17)
  11 salamander mystics
  3 storm dragon skeletons
  35 deep trolls
  A torturous demonspawn (Zig:20)
  A ghost moth zombie (Crypt:2)
  A fire crab (Zig:19)
  7 anaconda zombies
  9 spriggan druids
  11 spatial maelstroms
  An unseen horror (shapeshifter) (Vaults:4)
  2 sea snakes (shapeshifter)
  157 large abominations
  3 unseen horrors
  16 flayed ghosts
  A quicksilver dragon simulacrum (Depths:3)
  2 spark wasp zombies
  3 obsidian statues
  3 cherubim (Abyss:3)
  2 shadow dragon zombies
  17 glowing orange brains
  23 death drakes
  18 swamp dragons
  7 shadow demons
  A golden dragon skeleton (Abyss:3)
  21 deep elf archers
  11 wizards
  2 orange crystal statues
  8 naga ritualists
  A wolf spider zombie (Abyss:4)
  A sphinx zombie (Hell)
  3 anaconda skeletons
  23 ironbrand convokers
  2 lindwurms
  A harpy (shapeshifter) (Vaults:4)
  22 phantasmal warriors
  23 necromancers
  An orb spider (Abyss:3)
  3 harpies (Vaults:3)
  4 wolf spiders
  13 orc knights
  An orb spider (shapeshifter) (Vaults:4)
  43 ugly things
  2 cyclopes (shapeshifter)
  9 shining eyes
  5 manticores
  22 orc sorcerers
  90 deep elf magi
  3 frost giant zombies
  An iron dragon zombie (Abyss:3)
  6 stone giant zombies
  30 mana vipers
  An oklob plant (Lair:5)
  2 wolf spiders (shapeshifter)
  19 worldbinders
  2 iron dragon skeletons
  A sphinx skeleton (Zig:6)
  A faun (shapeshifter) (Abyss:2)
  22 salamanders
  2 fire giant zombies
  A manticore (shapeshifter) (D:13)
  29 moths of wrath
  An elf zombie (Vaults:5)
  10 cyclopes
  4 elephants
  3 stone giant skeletons
  18 guardian serpents
  A guardian serpent (shapeshifter) (Abyss:3)
  An elephant (shapeshifter) (Abyss:4)
  A salamander (shapeshifter) (Vaults:2)
  3 water nymphs (Zig:17)
  2 fire giant skeletons
  24 naga magi
  A moth of wrath (shapeshifter) (Zig:23)
  46 black mambas
  2 merfolk sirens
  65 smoke demons
  8 eyes of devastation
  4 frost giant skeletons
  13 apocalypse crabs
  19 rust devils
  A dire elephant zombie (Geh:7)
  A water nymph (shapeshifter) (Vaults:2)
  2 centaur zombies (D:13)
  18 vault sentinels
  Psyche (D:8)
  3 gargoyles (Zig:18)
  A black mamba (shapeshifter) (Vaults:3)
  36 spiny frogs
  8 molten gargoyles
  21 orange demons
  A torpor snail (shapeshifter) (Zig:7)
  10 torpor snails
  5 ice statues
  A dire elephant skeleton (Crypt:1)
  3 death yak zombies
  3 centaur skeletons
  A komodo dragon (shapeshifter) (Vaults:3)
  3 demonic crawlers
  A kobold demonologist (D:14)
  A catoblepas zombie (Crypt:2)
  17 komodo dragons
  37 yaktaurs
  A rime drake (shapeshifter) (Elf:1)
  10 efreet
  14 hellions
  2 yaktaurs (shapeshifter)
  10 tormentors
  An anaconda simulacrum (Hell)
  A silent spectre (Zig:10)
  50 ancient zymes
  20 ice devils
  A red draconian skeleton (Coc:7)
  31 freezing wraiths
  8 rime drakes
  A catoblepas skeleton (Abyss:3)
  4 tengu conjurers (Depths:3)
  44 guardian mummies
  22 hellwings
  4 wind drakes
  20 red devils
  A jumping spider (Zig:26)
  9 trolls
  8 hydra zombies
  A black draconian skeleton (Crypt:2)
  51 saltlings (Desolation)
  26 hornets
  6 tyrant leeches
  4 meliai
  A hippogriff (shapeshifter) (D:14)
  4 polar bears
  A polar bear (shapeshifter) (Vaults:2)
  A tyrant leech (shapeshifter) (Vaults:5)
  A wolf spider simulacrum (Coc:7)
  Grinder (D:2)
  A hornet (shapeshifter) (Abyss:1)
  2 harpy skeletons
  A jumping spider zombie (Crypt:2)
  20 merfolk
  3 sphinx simulacra
  11 bog bodies
  119 slime creatures
  8 snapping turtles (Zig:17)
  115 raiju
  3 shadow dragon simulacra
  An ice dragon zombie (Abyss:3)
  3 alligator zombies
  Prince Ribbit (D:8)
  49 blink frogs
  6 hydra skeletons
  A fire giant simulacrum (Vaults:3)
  2 ettin zombies
  An iron dragon simulacrum (Coc:7)
  4 dream sheep
  20 hippogriffs
  2 frost giant simulacra
  A deep troll zombie (Hell)
  4 spriggan zombies (Hell)
  23 spriggans
  19 water elementals
  2 air elementals
  2 fire dragon zombies
  A spriggan (shapeshifter) (Depths:1)
  An alligator skeleton (Coc:7)
  104 flying skulls
  33 wraiths
  A guardian serpent skeleton (Crypt:2)
  13 shadows
  202 starcursed masses
  A tarantella (shapeshifter) (Abyss:3)
  10 wyverns
  2 black mamba zombies (Lair:6)
  3 redbacks
  2 ettin skeletons
  An ice dragon skeleton (Tomb:3)
  19 ushabtiu
  28 yaks
  4 vampires
  32 ynoxinuls
  2 tarantellas (Zig:26)
  A hog (shapeshifter) (Vaults:2)
  A yak (shapeshifter) (Vaults:3)
  18 humans (D:14)
  13 basilisks
  9 fire bats
  A golden eye (shapeshifter) (Depths:4)
  23 golden eyes
  A basilisk (shapeshifter) (Abyss:3)
  Eustachio (D:6)
  35 chaos spawn
  5 hungry ghosts
  12 fire elementals
  5 steam dragons
  14 vampire mosquitoes
  31 neqoxecs
  52 nagas
  7 wargs
  A gelid demonspawn zombie (Crypt:1)
  14 swamp worms
  18 insubstantial wisps
  3 tengu zombies
  9 acid dragons
  10 spatial vortices
  9 spiny frog zombies
  54 water moccasins
  35 hell hounds
  A floating eye (shapeshifter) (Depths:4)
  2 ogre skeletons
  3 elf skeletons
  8 porcupines
  A spectral snapping turtle (Crypt:3)
  4 hydra simulacra
  3 alligator simulacra (Hell)
  4 black bears
  9 ice beasts
  14 swamp drakes
  A black bear (shapeshifter) (Abyss:4)
  50 orc warriors
  A spiny frog skeleton (Coc:7)
  14 eyes of draining
  A fire dragon simulacrum (Abyss:3)
  2 sky beasts (shapeshifter)
  A manticore zombie (Abyss:5)
  41 ogres
  2 swamp dragon zombies
  3 phantoms
  3 snapping turtle zombies
  5 sky beasts
  9 necrophages
  13 boggarts
  A blink frog zombie (Lair:2)
  2 ettin simulacra (Depths:3)
  A boggart (shapeshifter) (Zig:23)
  2 snapping turtle skeletons
  19 wolves
  A rime drake zombie (Lair:2)
  12 centaurs
  25 crocodiles
  A hippogriff zombie (Lair:5)
  A big kobold (D:7)
  3 komodo dragon zombies
  13 earth elementals
  12 bullfrogs
  116 small abominations
  A spiny frog simulacrum (Hell)
  A cyclops zombie (D:13)
  5 water moccasin zombies
  A wyvern skeleton (Crypt:2)
  3 cyclops skeletons
  6 scorpions
  A yak zombie (Lair:6)
  3 human simulacra
  4 killer bees (D:10)
  A troll skeleton (Crypt:1)
  A yak skeleton (Crypt:1)
  25 wights
  3 howler monkeys
  4 electric eels
  18 crimson imps
  4 bullfrog zombies
  An elf simulacrum (Abyss:4)
  A wolf skeleton (Lair:6)
  11 jellies
  12 quasits
  19 iron imps
  20 orc priests
  6 hounds
  Crazy Yiuf (D:2)
  A black bear zombie (Lair:3)
  3 iguanas
  56 orc wizards
  2 bullfrog skeletons
  2 human skeletons
  3 porcupine zombies
  5 worker ants
  6 hell rats (Hell)
  A porcupine skeleton (Lair:6)
  A killer bee zombie (D:6)
  2 crocodile zombies
  An acid dragon zombie (D:14)
  An acid dragon skeleton (Crypt:2)
  2 hound zombies
  A dwarf skeleton (Crypt:2)
  51 mummies
  2 worker ant zombies
  26 adders
  5 gnolls
  2 howler monkey skeletons
  A swamp drake skeleton (Crypt:1)
  6 shadow imps
  14 white imps
  17 ufetubi
  13 oozes
  A worm zombie (D:14)
  An iguana skeleton (D:13)
  An orc skeleton (D:15)
  3 worms
  2 dart slugs (D:1)
  5 leopard geckos
  97 orcs
  4 bats
  5 giant cockroaches
  11 goblins
  10 hobgoblins
  3 jackals (D:4)
  12 kobolds
  2 quokkas
  2 ball pythons
  A ball python skeleton (D:4)
  5 frilled lizards
  A goblin skeleton (Crypt:1)
  A hobgoblin skeleton (D:15)
  An orc zombie (Tomb:3)
  A quokka skeleton (D:14)
  A quokka zombie (D:13)
  4 rats
  67 briar patches
  A butterfly (Lair:1)
  A fire vortex (Zig:18)
  5 fungi (Lair:5)
  11 lurking horrors
  5 plants
  A spectral weapon (Hell)
  66 starspawn tentacles
5938 creatures vanquished.

Vanquished Creatures (collateral kills)
  2 greater mummies (Tomb:1)
2 creatures vanquished.

Vanquished Creatures (others)
  A fire giant (Geh:7)
  2 draconian knights
  An elemental wellspring (Coc:7)
  A deep elf annihilator (Elf:3)
  A hydra (Swamp:4)
  46 dancing weapons
  A soul eater (Abyss:2)
  A deep elf knight (Elf:2)
  2 sixfirhies
  A quicksilver dragon simulacrum (Depths:3)
  A death drake (Zig:27)
  An apocalypse crab (Zig:23)
  A hellion (Geh:7)
  A kobold demonologist (Abyss:3)
  A slime creature (Slime:4)
  A tyrant leech (Zig:27)
  6 small abominations
  2 raiju (Abyss:3)
  2 flying skulls (Crypt:3)
  A water elemental (Abyss:4)
  A chaos spawn (Abyss:3)
  2 golden eyes (Abyss:4)
  A neqoxec (Abyss:3)
  A swamp worm (Swamp:4)
  A naga (Snake:4)
  3 ettin simulacra (Depths:3)
  An orc warrior (Vaults:2)
  A centaur (D:15)
  A ball lightning (Abyss:3)
  A fungus (Lair:5)
  3 lurking horrors
  90 spectral weapons
  75 starspawn tentacles
  13 withered plants (Gauntlet)
268 creatures vanquished.

Grand Total: 6208 creatures vanquished

Notes
Turn   | Place    | Note
-------+----------+-------------------------------------------
     0 | D:1      | DildoBatman the Formicid Wizard began the quest for the
                  | Orb.
     0 | D:1      | Reached XP level 1. HP: 13/13 MP: 4/4
   145 | D:1      | Reached skill level 1 in Conjurations
   198 | D:1      | Reached XP level 2. HP: 19/19 MP: 1/6
   614 | D:1      | Reached XP level 3. HP: 24/24 MP: 3/7
   619 | D:1      | Learned a level 3 spell: Conjure Flame
   623 | D:1      | Learned a level 3 spell: Mephitic Cloud
  1409 | D:2      | Reached XP level 4. HP: 30/30 MP: 3/8
  1776 | D:2      | Reached XP level 5. HP: 30/35 MP: 0/9
  1840 | D:2      | Noticed a hippogriff
  2145 | D:2      | Found a runed translucent door.
  2146 | D:2      | Noticed Crazy Yiuf
  2688 | D:3      | Noticed Grinder
  2709 | D:3      | Reached XP level 6. HP: 35/41 MP: 2/10
  3104 | D:3      | Reached skill level 5 in Conjurations
  3513 | D:4      | Found a basalt altar of Yredelemnul.
  3604 | D:4      | Noticed an ogre
  3651 | D:4      | Killed an ogre
  3651 | D:4      | Reached skill level 1 in Poison Magic
  3681 | D:4      | Found a glowing golden altar of the Shining One.
  3924 | D:4      | Reached skill level 1 in Fire Magic
  3924 | D:4      | Reached XP level 7. HP: 46/46 MP: 8/11
  4123 | D:4      | Reached skill level 1 in Air Magic
  4543 | D:5      | Entered Level 5 of the Dungeon
  4758 | D:5      | Reached XP level 8. HP: 52/52 MP: 8/12
  5183 | D:6      | Noticed Eustachio
  6393 | D:7      | Reached skill level 5 in Stealth
  6698 | D:6      | Reached XP level 9. HP: 27/57 MP: 5/13
  6926 | D:7      | Reached skill level 5 in Poison Magic
  6999 | D:7      | Found a staircase to the Ecumenical Temple.
  7008 | Temple   | Entered the Ecumenical Temple
  7271 | Temple   | Became a worshipper of Kikubaaqudgha
  7900 | D:6      | Reached skill level 1 in Shields
  7911 | D:6      | Reached skill level 1 in Slings
  8012 | D:6      | Killed Eustachio
  8371 | D:2      | Killed Crazy Yiuf
  8435 | D:2      | Killed Grinder
  8490 | D:2      | Killed a hippogriff
  8709 | D:7      | Reached skill level 5 in Shields
  8814 | D:8      | Reached * piety under Kikubaaqudgha
  8814 | D:8      | Identified Kikubaaqudgha's Guide on Necromancy
                  | (Kikubaaqudgha gifted it to you on level 8 of the Dungeon)
  8814 | D:8      | Received a gift from Kikubaaqudgha
  8821 | D:8      | Reached XP level 10. HP: 52/63 MP: 2/14
  8876 | D:8      | Learned a level 3 spell: Regeneration
  8879 | D:8      | Learned a level 2 spell: Sublimation of Blood
  8931 | D:8      | Found an iron altar of Okawaru.
  8950 | D:8      | Noticed Psyche
  8999 | D:8      | Reached skill level 1 in Armour
  9005 | D:8      | Reached skill level 1 in Fighting
  9039 | D:8      | Found an ancient bone altar of Kikubaaqudgha.
  9055 | D:8      | Found Umot's Book Shop.
  9063 | D:8      | Reached skill level 1 in Necromancy
  9092 | D:8      | Noticed Prince Ribbit
  9111 | D:8      | Killed Prince Ribbit
  9111 | D:8      | Reached skill level 1 in Charms
  9324 | D:8      | Found a burning altar of Makhleb.
  9700 | D:8      | Killed Psyche
  9889 | D:9      | Found a staircase to the Lair.
  9889 | D:9      | Noticed an elephant
 10022 | D:9      | Killed an elephant
 10131 | D:9      | Reached XP level 11. HP: 43/76 MP: 9/18
 10189 | D:8      | Reached skill level 5 in Spellcasting
 10659 | D:9      | Identified Zuddaen's Tome of the Escort
 10828 | D:9      | Found Qushaogu's Lightly-Used Armoury.
 11213 | D:10     | Entered Level 10 of the Dungeon
 11462 | D:10     | Reached ** piety under Kikubaaqudgha
 11462 | D:10     | Reached skill level 1 in Evocations
 11526 | D:10     | Found a blossoming altar of Fedhas.
 11840 | D:10     | Reached skill level 5 in Armour
 11923 | D:10     | Reached skill level 5 in Fighting
 11954 | D:10     | Found a staircase to the Orcish Mines.
 12457 | D:11     | Noticed a cyclops
 12515 | D:11     | Reached skill level 5 in Necromancy
 12822 | D:11     | Noticed a green ugly thing
 12830 | D:11     | Killed a green ugly thing
 13036 | D:11     | Reached *** piety under Kikubaaqudgha
 13036 | D:11     | Identified Kikubaaqudgha's Disquisition on Evil
                  | (Kikubaaqudgha gifted it to you on level 11 of the Dungeon)
 13036 | D:11     | Received a gift from Kikubaaqudgha
 13084 | D:11     | Learned a level 5 spell: Dispel Undead
 13214 | D:11     | Found an opulent altar of Gozag.
 13747 | D:11     | Killed a cyclops
 13839 | Orc:1    | Entered Level 1 of the Orcish Mines
 13950 | Orc:1    | Found a runed translucent door.
 13951 | Orc:1    | Noticed a stone giant
 13992 | Orc:1    | Reached skill level 5 in Evocations
 14030 | Orc:1    | Noticed an orc sorcerer
 14037 | Orc:1    | Killed an orc sorcerer
 14043 | Orc:1    | Noticed an orc warlord
 14309 | Orc:1    | Noticed an orc sorcerer
 14318 | Orc:1    | Killed an orc sorcerer
 14318 | Orc:1    | Reached XP level 12. HP: 62/86 MP: 14/20
 14710 | Orc:1    | Noticed Erica
 14750 | Orc:1    | Killed Erica
 14872 | Orc:2    | Entered Level 2 of the Orcish Mines
 15035 | Orc:1    | Reached **** piety under Kikubaaqudgha
 15672 | Orc:2    | Noticed an ogre mage
 15707 | Orc:2    | Killed an ogre mage
 16011 | Orc:2    | Reached skill level 10 in Shields
 16242 | Orc:2    | Reached XP level 13. HP: 91/91 MP: 12/22
 16386 | Orc:2    | Noticed Urug
 16464 | Orc:2    | Killed Urug
 16522 | Orc:2    | Found a staircase to the Elven Halls.
 16531 | Orc:2    | Noticed a stone giant
 16661 | Orc:1    | Killed a stone giant
 16733 | Orc:2    | Found a roughly hewn altar of Beogh.
 16988 | Orc:2    | Found Anah's Book Boutique.
 17083 | Orc:2    | Found Baec's Antique Weapon Shop.
 17111 | Orc:2    | Reached ***** piety under Kikubaaqudgha
 17330 | Orc:2    | Found an ancient bone altar of Kikubaaqudgha.
 17332 | Orc:2    | Noticed an ogre mage
 17335 | Orc:2    | Found Sialiv's Magic Scroll Shop.
 17350 | Orc:2    | Killed an ogre mage
 17360 | Orc:2    | Noticed Erolcha
 17556 | Orc:2    | Killed Erolcha
 17587 | Orc:2    | Bought a scroll of identify for 24 gold pieces
 17587 | Orc:2    | Bought a scroll of identify for 24 gold pieces
 17589 | Orc:2    | Found a radiant altar of Vehumet.
 17629 | Orc:2    | Found a roughly hewn altar of Beogh.
 17708 | Orc:2    | Found Rinkib's Magic Scroll Shop.
 17845 | Orc:1    | Killed a stone giant
 18024 | Orc:1    | Found a roughly hewn altar of Beogh.
 18084 | Orc:2    | Bought a translucent great sword for 253 gold pieces
 18084 | Orc:2    | Identified the +5 great sword of Peace {slice, Str+5 Dex-2}
                  | (You bought it in a shop on level 2 of the Orcish Mines)
 18596 | D:12     | Found Cuh Oro's Distillery.
 18623 | D:12     | Bought a potion of mutation for 88 gold pieces
 18623 | D:12     | Gained mutation: You are weak. (Str -2) [potion of
                  | mutation]
 18623 | D:12     | Gained mutation: Your flesh is cold resistant. (rC+)
                  | [potion of mutation]
 18623 | D:12     | Gained mutation: Your mind is acute. (Int +2) [potion of
                  | mutation]
 18802 | D:12     | Reached skill level 15 in Shields
 18839 | D:12     | Reached skill level 1 in Polearms
 19021 | D:12     | Reached XP level 14. HP: 98/98 MP: 1/23
 19395 | D:12     | Reached skill level 5 in Polearms
 19608 | D:13     | Reached ****** piety under Kikubaaqudgha
 19621 | D:12     | Received a gift from Kikubaaqudgha
 19623 | D:12     | Fell from the grace of Kikubaaqudgha
 19687 | D:11     | Became a worshipper of Gozag Ym Sagoz the Greedy
 20481 | D:13     | Found Bunifruh's Armour Emporium.
 21253 | D:14     | Reached skill level 5 in Dodging
 21630 | D:14     | Found a gate to the Vaults.
 21744 | D:14     | Got a shimmering plate armour
 22219 | D:14     | Identified the +12 plate armour of Syndicalism {+Fly Int+3
                  | Dex+2 Slay-5} (You found it on level 14 of the Dungeon)
 22414 | D:15     | Entered Level 15 of the Dungeon
 22488 | D:15     | Found a blossoming altar of Fedhas.
 22507 | D:15     | Noticed Josephine
 22523 | D:15     | Killed Josephine
 22592 | D:15     | Noticed a reaper
 22784 | D:15     | Reached XP level 15. HP: 106/108 MP: 18/25
 22833 | D:15     | Found a portal to a secret trove of treasure.
 23142 | D:15     | Noticed a frost giant
 23220 | D:15     | Killed a frost giant
 23256 | D:15     | Found a staircase to the Depths.
 23738 | D:8      | Bought a book of Battle for 440 gold pieces
 23738 | D:8      | Bought a book of Dreams for 825 gold pieces
 23738 | D:8      | Bought a book of Frost for 385 gold pieces
 23742 | D:8      | Learned a level 3 spell: Spectral Weapon
 23749 | D:8      | Learned a level 5 spell: Borgnjor's Vile Clutch
 23753 | D:8      | Learned a level 3 spell: Ozocubu's Armour
 23792 | D:9      | Lost mutation: You are weak. (Str -2) [potion of mutation]
 23792 | D:9      | Lost mutation: Your mind is acute. (Int +2) [potion of
                  | mutation]
 23792 | D:9      | Gained mutation: You are partially covered in icy blue
                  | scales. (AC +2) [potion of mutation]
 23792 | D:9      | Gained mutation: You possess an exceptional clarity of
                  | mind. [potion of mutation]
 23792 | D:9      | Gained mutation: Your muscles are strong. (Str +2) [potion
                  | of mutation]
 23820 | Lair:1   | Entered Level 1 of the Lair of Beasts
 24647 | Lair:2   | Got an ichor-stained spear
 24648 | Lair:2   | Identified the cursed +1 spear of Emyaw {freeze, rF- rC++}
                  | (You found it on level 2 of the Lair of Beasts)
 24697 | Lair:2   | Found a staircase to the Snake Pit.
 24720 | Lair:2   | Reached skill level 1 in Hexes
 25135 | Lair:2   | Noticed Sonja
 25144 | Lair:2   | Killed Sonja
 25223 | Lair:2   | Found a staircase to the Swamp.
 25462 | Lair:3   | Found a gate leading to a gauntlet.
 25509 | Gauntlet | Entered a Gauntlet
 25509 | Gauntlet | Found a transporter.
 25509 | Gauntlet | Found a transporter.
 25509 | Gauntlet | Found a transporter.
 25510 | Gauntlet | Found a transporter.
 25513 | Gauntlet | Found a transporter.
 25523 | Gauntlet | Found a transporter.
 25531 | Gauntlet | Found a transporter.
 25589 | Gauntlet | Found a transporter.
 25601 | Gauntlet | Found a transporter.
 25614 | Gauntlet | Found a transporter.
 25628 | Gauntlet | Found a transporter.
 25639 | Gauntlet | Found a transporter.
 25782 | Gauntlet | Got a brightly glowing iron ring
 25798 | Gauntlet | Identified the ring "Caqin" {rC- Int+6 Dex+4 SInv} (You
                  | found it in a Gauntlet)
 25957 | Gauntlet | Reached skill level 1 in Ice Magic
 25957 | Gauntlet | Reached skill level 1 in Earth Magic
 26737 | D:9      | Identified a scroll of acquirement
 26855 | Lair:4   | Noticed Nergalle
 26870 | Lair:4   | Killed Nergalle
 27773 | Lair:5   | Reached skill level 5 in Charms
 27780 | Lair:5   | Noticed Nessos
 27826 | Lair:5   | Killed Nessos
 27916 | Lair:5   | Found a viscous altar of Jiyva.
 27916 | Lair:5   | Found a staircase to the Slime Pits.
 28580 | Lair:6   | Entered Level 6 of the Lair of Beasts
 28581 | Lair:6   | Noticed Rupert
 28598 | Lair:5   | Reached XP level 16. HP: 88/118 MP: 13/27
 28666 | Lair:5   | Killed Rupert
 28910 | Lair:6   | Was forgiven by Kikubaaqudgha
 28956 | Lair:6   | Got an ichor-stained robe
 29727 | Lair:6   | Got a faintly humming ring mail
 30125 | D:9      | Identified the +2 robe of Urengaleku {rCorr Dex-5 SInv
                  | Stlth+} (You found it on level 6 of the Lair of Beasts)
 30147 | D:9      | Identified the +2 ring mail of Lugonu's Envy {Int+4} (You
                  | found it on level 6 of the Lair of Beasts)
 30267 | D:12     | Bought a potion of curing for 33 gold pieces
 30267 | D:12     | Bought a potion of invisibility for 88 gold pieces
 30267 | D:12     | Bought a potion of heal wounds for 55 gold pieces
 30267 | D:12     | Bought a potion of might for 44 gold pieces
 30267 | D:12     | Bought a potion of cancellation for 88 gold pieces
 30379 | Orc:2    | Bought a scroll of enchant weapon for 90 gold pieces
 30379 | Orc:2    | Bought a scroll of remove curse for 36 gold pieces
 30536 | Snake:1  | Entered Level 1 of the Snake Pit
 30602 | Swamp:1  | Entered Level 1 of the Swamp
 30620 | Swamp:1  | Reached skill level 5 in Hexes
 30858 | Swamp:1  | Reached skill level 10 in Fighting
 30858 | Swamp:1  | Reached skill level 5 in Earth Magic
 31008 | Swamp:1  | Reached skill level 10 in Armour
 31931 | Swamp:3  | Noticed a thorn hunter
 31958 | Swamp:3  | Killed a thorn hunter
 31958 | Swamp:3  | Reached skill level 5 in Ice Magic
 32418 | Swamp:3  | Reached XP level 17. HP: 125/125 MP: 11/29
 32843 | Swamp:4  | Entered Level 4 of the Swamp
 32931 | Swamp:4  | Noticed Bai Suzhen
 32973 | Swamp:4  | Killed Bai Suzhen
 33054 | Swamp:4  | Noticed a thorn hunter
 33071 | Swamp:3  | Reached skill level 10 in Spellcasting
 33136 | Swamp:4  | Noticed a thorn hunter
 33437 | Swamp:3  | HP: 6/128 [eight-headed hydra (12)]
 33752 | Swamp:4  | Killed a thorn hunter
 33927 | Swamp:3  | Killed a thorn hunter
 34214 | Swamp:4  | Got a decaying rune of Zot
 34867 | Snake:1  | Found a transporter.
 34897 | Snake:1  | Found a transporter.
 34910 | Snake:1  | Reached XP level 18. HP: 65/134 MP: 9/35
 34986 | Snake:1  | Found a transporter.
 35034 | Snake:1  | Found a transporter.
 35034 | Snake:1  | Found a transporter.
 35130 | Snake:1  | Found Kaiw's Magic Scroll Shop.
 35145 | Snake:1  | Bought a scroll of identify for 30 gold pieces
 35145 | Snake:1  | Bought a scroll of identify for 30 gold pieces
 35145 | Snake:1  | Bought a scroll of identify for 30 gold pieces
 35145 | Snake:1  | Bought a scroll of identify for 30 gold pieces
 35145 | Snake:1  | Bought a scroll of enchant weapon for 112 gold pieces
 35145 | Snake:1  | Bought a scroll of fog for 30 gold pieces
 35202 | Snake:1  | Learned a level 8 spell: Necromutation
 35209 | Snake:1  | Learned a level 6 spell: Deflect Missiles
 35434 | Snake:1  | Found a runed translucent door.
 35434 | Snake:1  | Noticed zuik's ghost (adept MiGl)
 35443 | Snake:1  | Killed zuik's ghost
 35630 | Snake:2  | Found Nykopic's Assorted Antiques.
 35653 | Snake:2  | Bought a pair of embroidered boots for 195 gold pieces
 35664 | Snake:2  | Bought a pair of glowing gloves for 195 gold pieces
 35675 | Snake:2  | Bought a leatherbound book for 390 gold pieces
 35675 | Snake:2  | Bought a leatherbound book for 390 gold pieces
 35675 | Snake:2  | Bought a paperback book for 390 gold pieces
 35675 | Snake:2  | Bought a scroll of identify for 52 gold pieces
 36109 | Snake:2  | Got a transparent chain mail
 36120 | Snake:2  | Identified the +3 chain mail of Parts Unknown {Str+5} (You
                  | found it on level 2 of the Snake Pit)
 36301 | Snake:2  | Reached skill level 15 in Spellcasting
 36498 | Snake:2  | Found Luci's Jewellery Emporium.
 36498 | Snake:2  | Found Ithiun's Gadget Shop.
 36499 | Snake:2  | Found Zoext's Jewellery Emporium.
 36770 | Snake:3  | Noticed Aizul
 36838 | Snake:3  | Killed Aizul
 37339 | Snake:3  | Reached skill level 5 in Air Magic
 37544 | Snake:3  | Noticed Asterion
 37562 | Snake:3  | Killed Asterion
 37562 | Snake:3  | Reached XP level 19. HP: 78/140 MP: 11/39
 38400 | Snake:1  | Got a bloodstained chain mail
 38413 | Snake:1  | Identified the cursed +1 chain mail of the Armoured One
                  | {rPois} (You found it on level 1 of the Snake Pit)
 38632 | Snake:4  | Entered Level 4 of the Snake Pit
 38665 | Snake:4  | Found a large runed translucent door.
 38665 | Snake:4  | Found a large runed translucent door.
 38728 | Snake:4  | Noticed Luet's ghost (journeyman TrMo)
 38739 | Snake:4  | Killed Luet's ghost
 39412 | Snake:4  | Noticed Vashnia
 39446 | Snake:4  | Killed Vashnia
 39732 | Snake:4  | Got a serpentine rune of Zot
 40140 | Snake:2  | Bought the cursed necklace of Bloodlust {*Rage +Rage MR++
                  | Int-3 Slay+6 *Curse} for 1176 gold pieces
 40140 | Snake:2  | Found the cursed necklace of Bloodlust {*Rage +Rage MR++
                  | Int-3 Slay+6 *Curse}
 40382 | Elf:1    | Entered Level 1 of the Elven Halls
 40409 | Elf:1    | Reached XP level 20. HP: 147/147 MP: 31/40
 40429 | Elf:1    | Found a radiant altar of Vehumet.
 40575 | Elf:1    | Reached skill level 10 in Charms
 40588 | Elf:1    | Reached skill level 10 in Air Magic
 40753 | Elf:1    | Found an ancient bone altar of Kikubaaqudgha.
 41046 | Elf:1    | Found Qukuyl's Distillery.
 41054 | Elf:1    | Bought a potion of curing for 42 gold pieces
 41054 | Elf:1    | Bought a potion of curing for 42 gold pieces
 41054 | Elf:1    | Bought a potion of curing for 42 gold pieces
 41054 | Elf:1    | Bought a potion of mutation for 112 gold pieces
 41054 | Elf:1    | Bought a potion of resistance for 140 gold pieces
 41054 | Elf:1    | Bought a potion of magic for 112 gold pieces
 41054 | Elf:1    | Bought a potion of heal wounds for 70 gold pieces
 41054 | Elf:1    | Bought a potion of might for 56 gold pieces
 41335 | Elf:2    | Found a runed translucent gate.
 41336 | Elf:2    | Found a runed translucent gate.
 41337 | Elf:2    | Found a runed translucent gate.
 41431 | Elf:2    | Reached skill level 10 in Earth Magic
 41447 | Elf:2    | Found a ruined gateway.
 41478 | Elf:2    | Found a glowing golden altar of the Shining One.
 41478 | Elf:2    | Found a white marble altar of Elyvilon.
 41478 | Elf:2    | Found a glowing silver altar of Zin.
 41502 | Desolati | Entered the Desolation of Salt
 41591 | Desolati | Reached skill level 10 in Necromancy
 41718 | Desolati | Found the +5 pair of quick blades "Gyre" and "Gimble"
                  | {pierce, Dex-3}
 41746 | Desolati | Found the +2 pair of boots of the Assassin {Detection Stab+
                  | Stlth++}
 41771 | Desolati | Identified the Incunabulum of the Eggplant
 42119 | Desolati | Reached XP level 21. HP: 122/152 MP: 29/41
 42238 | Desolati | Identified Aliu's Disquisition on Freezing Lightness
 42467 | Desolati | Identified the Guide on Feathery Transmigration
 42489 | Desolati | Got a wavering jade ring
 42685 | Desolati | Identified Sif Muna's Reference Book on Displacement
 42745 | Desolati | Got a steaming wooden ring
 42747 | Desolati | Identified the cursed ring "Pukhlisso" {rPois rN+ Str+2
                  | Dex-2} (You found it in the Desolation of Salt)
 42757 | Desolati | Got a dazzling morningstar
 42758 | Desolati | Identified the +5 morningstar of Lar Pem {freeze, MR+} (You
                  | found it in the Desolation of Salt)
 42865 | Elf:2    | Identified the ring of Incredulity {rC+ Slay+3} (You found
                  | it in the Desolation of Salt)
 43749 | Elf:3    | Entered Level 3 of the Elven Halls
 44040 | Elf:3    | Found Axodiaw's Magic Scroll Shoppe.
 44043 | Elf:3    | Bought a scroll of enchant armour for 112 gold pieces
 44043 | Elf:3    | Bought a scroll of identify for 30 gold pieces
 44043 | Elf:3    | Bought a scroll of identify for 30 gold pieces
 44043 | Elf:3    | Bought a scroll of immolation for 52 gold pieces
 44043 | Elf:3    | Bought a scroll of amnesia for 52 gold pieces
 44043 | Elf:3    | Bought a scroll of amnesia for 52 gold pieces
 44262 | Elf:3    | Noticed a Tzitzimitl
 44755 | Elf:3    | Identified the +7 flail "Jugeh" {crush, *Rage Dex+6}
 44835 | Elf:3    | Reached skill level 15 in Necromancy
 44886 | Elf:3    | Reached XP level 22. HP: 109/158 MP: 6/42
 44957 | Elf:3    | Identified the amulet "Paalihu" {Faith +Blink rN+}
 45192 | Elf:3    | Identified the +10 flail of the Mind {crush, +Inv}
 45195 | Elf:3    | Identified the +1 plate armour of Impermeability {rC+ Dex-3
                  | Stlth+}
 45210 | Elf:3    | Reached skill level 1 in Transmutations
 45403 | Elf:3    | Found the +0 mask of the Dragon {MR+ Slay+3 SInv}
 45637 | Elf:3    | Got a scorched plate armour
 45648 | Elf:3    | Identified the cursed +1 plate armour of the Modern Realms
                  | {rN+ MR+ Regen+ rCorr} (You found it on level 3 of the
                  | Elven Halls)
 45772 | Elf:3    | Got an ichor-stained hand crossbow
 45773 | Elf:3    | Identified the +3 hand crossbow of the Desert {freeze,
                  | Dex+2} (You found it on level 3 of the Elven Halls)
 45864 | Elf:3    | Got a jewelled longbow
 45865 | Elf:3    | Identified the +5 longbow "Nolaac" {freeze, -Tele rPois
                  | Dex+4} (You found it on level 3 of the Elven Halls)
 46705 | Vaults:1 | Entered Level 1 of the Vaults
 47039 | Vaults:1 | Found Caufil's Gadget Boutique.
 47258 | Vaults:1 | Reached skill level 5 in Transmutations
 48049 | Vaults:2 | Noticed Sojobo
 48147 | Vaults:1 | Killed Sojobo
 48480 | Vaults:2 | Noticed Xtahua
 48484 | Vaults:2 | Reached XP level 23. HP: 141/164 MP: 33/43
 48494 | Vaults:2 | Killed Xtahua
 48647 | Vaults:2 | Reached skill level 10 in Polearms
 49126 | Vaults:2 | Found a staircase to the Crypt.
 49126 | Vaults:2 | Found a basalt altar of Yredelemnul.
 49127 | Vaults:2 | Found an ancient bone altar of Kikubaaqudgha.
 49693 | Vaults:3 | Found Gom Olub's Book Shop.
 49782 | Vaults:3 | Found Ahitym's Armour Emporium.
 49866 | Vaults:3 | Found Vedargh's Magic Scroll Shoppe.
 49878 | Vaults:3 | Bought a scroll of identify for 24 gold pieces
 49878 | Vaults:3 | Bought a scroll of identify for 24 gold pieces
 49878 | Vaults:3 | Bought a scroll of identify for 24 gold pieces
 49878 | Vaults:3 | Bought a scroll of enchant armour for 90 gold pieces
 49878 | Vaults:3 | Bought a scroll of acquirement for 624 gold pieces
 49899 | Vaults:3 | Found Miupet's Book Boutique.
 49922 | Vaults:3 | Bought a manual of Shields for 1766 gold pieces
 50530 | Vaults:3 | Reached skill level 10 in Transmutations
 50955 | Vaults:4 | Got an ancient broad axe
 51092 | Vaults:4 | Reached XP level 24. HP: 171/171 MP: 41/43
 51415 | Vaults:4 | Found Entupry's Gadget Shoppe.
 51449 | Vaults:4 | Got a bloodstained hunting sling
 52166 | Vaults:4 | Identified the +8 hunting sling of Truncation {velocity,
                  | rF+ rC+ Int+3} (You found it on level 4 of the Vaults)
 52341 | Crypt:1  | Entered Level 1 of the Crypt
 53778 | Crypt:3  | Entered Level 3 of the Crypt
 53816 | Crypt:3  | Reached XP level 25. HP: 152/176 MP: 35/43
 53831 | Crypt:3  | Reached skill level 15 in Transmutations
 53950 | Crypt:3  | Noticed Boris
 53964 | Crypt:3  | Killed Boris
 54202 | Crypt:3  | Found a basalt altar of Yredelemnul.
 54449 | Crypt:3  | Identified Kikubaaqudgha's Volume of Dark Rites
 54946 | Crypt:3  | Got a clouded granite ring
 54946 | Crypt:3  | Got a scintillating bronze ring
 54956 | Crypt:3  | Identified the ring of Dintyts {rN+ MR+ Str+4} (You found
                  | it on level 3 of the Crypt)
 54958 | Crypt:3  | Identified the ring "Rel Tut" {rN+ MR+ Int+4} (You found it
                  | on level 3 of the Crypt)
 54961 | Crypt:3  | Got a faintly glowing copper ring
 54963 | Crypt:3  | Got a steaming ivory ring
 54967 | Crypt:3  | Identified the ring of Paverry {rPois rF- MR+ Str+2 SInv}
                  | (You found it on level 3 of the Crypt)
 54968 | Crypt:3  | Identified the ring "Vabayjeb" {rN+ Str+6 Stlth-} (You
                  | found it on level 3 of the Crypt)
 55024 | Crypt:3  | Found a staircase to the Tomb.
 55024 | Crypt:3  | Noticed an ancient lich
 55040 | Crypt:3  | Killed an ancient lich
 55099 | Crypt:3  | Got a warped broad axe
 55108 | Crypt:3  | Identified the +4 broad axe of the Unkillable {pain, rC+
                  | Str+9 Int+2 Stlth-} (You found it on level 3 of the Crypt)
 55125 | Tomb:1   | Entered Level 1 of the Tomb of the Ancients
 55429 | Tomb:1   | Noticed a greater mummy
 55593 | Tomb:1   | Killed a greater mummy
 55606 | Tomb:1   | Learned a level 5 spell: Aura of Abjuration
 55907 | Tomb:1   | Reached XP level 26. HP: 180/184 MP: 41/43
 55973 | Tomb:1   | Noticed a greater mummy
 56000 | Tomb:1   | Killed a greater mummy
 56000 | Tomb:1   | Reached skill level 5 in Summonings
 56952 | Depths:1 | Entered Level 1 of the Depths
 56952 | Depths:1 | Found a gateway to Hell.
 56952 | Depths:1 | Noticed Margery
 56984 | Depths:1 | Killed Margery
 57281 | Depths:1 | Found Kakk's Profane Products.
 57281 | Depths:1 | Found a burning altar of Makhleb.
 57495 | Depths:1 | Identified the Reference Book on Congealing Contamination
 57504 | Depths:1 | Got a coiled ivory amulet
 57574 | Depths:1 | Reached skill level 10 in Summonings
 58104 | Depths:1 | Identified the amulet of Zedug {Harm *Drain Int+4} (You
                  | found it on level 1 of the Depths)
 58836 | Depths:2 | Reached skill level 15 in Earth Magic
 59564 | Depths:3 | Reached XP level 27. HP: 190/190 MP: 39/43
 59649 | Depths:3 | Found a blossoming altar of Fedhas.
 60021 | Depths:3 | Found a shimmering altar of Xom.
 60025 | Depths:3 | Found a one-way gate leading to the halls of Pandemonium.
 60105 | Depths:3 | Found a basalt altar of Yredelemnul.
 60105 | Depths:3 | Found a one-way gate to the infinite horrors of the Abyss.
 60341 | Depths:3 | Identified the cursed +1 leather armour of Duck's Teeth
                  | {rN+}
 60595 | Depths:3 | Found a glowing golden altar of the Shining One.
 61466 | Depths:3 | Got an encrusted whip
 61467 | Depths:3 | Identified the +2 whip "Bekhlus" {holy, *Corrode +Fly rF+
                  | Stlth+} (You found it on level 3 of the Depths)
 61609 | Depths:4 | Found a gateway to a ziggurat.
 63611 | Depths:5 | Entered Level 5 of the Depths
 63617 | Depths:5 | Noticed a juggernaut
 63727 | Depths:5 | Killed a juggernaut
 64184 | Depths:5 | Got a jewelled shortbow
 64601 | Depths:5 | Found a gate to the Realm of Zot.
 64706 | Depths:4 | Identified the +3 shortbow of Bodily Harmony {velocity, rN+
                  | Str-2 Int+4} (You found it on level 5 of the Depths)
 64716 | Depths:4 | Bought a book of the Earth for 1560 gold pieces
 64716 | Depths:4 | Bought a manual of Fire Magic for 2649 gold pieces
 64726 | Depths:4 | Learned a level 9 spell: Shatter
 64729 | Depths:4 | Bought a glowing cloak for 240 gold pieces
 64729 | Depths:4 | Bought a faintly glowing leather armour for 224 gold pieces
 64729 | Depths:4 | Bought a smoking leather armour for 224 gold pieces
 64732 | Depths:4 | Bought 3 potions of curing for 117 gold pieces
 64732 | Depths:4 | Bought a potion of curing for 39 gold pieces
 64754 | Depths:4 | Identified the +1 leather armour of the Arcane {rC+} (You
                  | bought it in a shop on level 4 of the Depths)
 64764 | Depths:4 | Identified the +3 leather armour "Okyit" {rCorr} (You
                  | bought it in a shop on level 4 of the Depths)
 64789 | Depths:4 | You fall through a shaft!
 64879 | Hell     | Entered the Vestibule of Hell
 64879 | Hell     | Noticed Geryon
 65196 | Hell     | Killed Geryon
 65464 | Hell     | Found a gateway to the freezing wastes of Cocytus.
 65761 | Hell     | Found a gateway to the decaying netherworld of Tartarus.
 65812 | Hell     | Found a gateway to the ashen valley of Gehenna.
 65901 | Hell     | Found a gateway to the Iron City of Dis.
 66126 | Depths:4 | Learned a level 9 spell: Tornado
 66738 | Tomb:1   | Noticed a greater mummy
 66743 | Tomb:1   | Noticed a greater mummy
 66751 | Tomb:1   | Noticed a greater mummy
 66752 | Tomb:1   | Noticed a greater mummy
 66755 | Tomb:1   | Killed a greater mummy
 66766 | Tomb:1   | Killed a greater mummy
 66771 | Tomb:1   | Killed a greater mummy
 66771 | Tomb:1   | Noticed a greater mummy
 66773 | Tomb:1   | Noticed a greater mummy
 66785 | Tomb:1   | Killed a greater mummy
 66785 | Tomb:1   | Noticed a greater mummy
 66786 | Tomb:1   | Killed a greater mummy
 66796 | Tomb:1   | Killed a greater mummy
 66797 | Tomb:1   | Killed a greater mummy
 66798 | Tomb:1   | Noticed a greater mummy
 66804 | Tomb:1   | Killed a greater mummy
 66993 | Tomb:1   | Noticed a greater mummy
 67011 | Tomb:1   | Killed a greater mummy
 67036 | Tomb:1   | Noticed a greater mummy
 67047 | Tomb:1   | Killed a greater mummy
 67073 | Tomb:1   | Noticed a greater mummy
 67076 | Tomb:1   | Noticed a greater mummy
 67077 | Tomb:1   | Noticed a greater mummy
 67077 | Tomb:1   | Noticed a greater mummy
 67090 | Tomb:1   | Killed a greater mummy
 67093 | Tomb:1   | Killed a greater mummy
 67095 | Tomb:1   | Noticed a greater mummy
 67101 | Tomb:1   | Noticed a greater mummy
 67105 | Tomb:1   | Killed a greater mummy
 67107 | Tomb:1   | Killed a greater mummy
 67107 | Tomb:1   | Reached skill level 27 in Earth Magic
 67107 | Tomb:1   | Noticed a greater mummy
 67111 | Tomb:1   | Killed a greater mummy
 67111 | Tomb:1   | Noticed a greater mummy
 67112 | Tomb:1   | Noticed a greater mummy
 67117 | Tomb:1   | Killed a greater mummy
 67119 | Tomb:1   | Killed a greater mummy
 67129 | Tomb:1   | Killed a greater mummy
 67134 | Tomb:1   | Killed a greater mummy
 67285 | Tomb:2   | Noticed a greater mummy
 67288 | Tomb:2   | Noticed a greater mummy
 67293 | Tomb:2   | Noticed a greater mummy
 67295 | Tomb:2   | Noticed an ancient lich
 67299 | Tomb:2   | Killed a greater mummy
 67305 | Tomb:2   | Killed an ancient lich
 67318 | Tomb:2   | Killed a greater mummy
 67326 | Tomb:2   | Killed a greater mummy
 68254 | Tomb:3   | Entered Level 3 of the Tomb of the Ancients
 68263 | Tomb:3   | Noticed Boris
 68266 | Tomb:3   | Noticed Mennas
 68271 | Tomb:3   | Killed Boris
 68300 | Tomb:2   | Killed Mennas
 68367 | Tomb:3   | Noticed a greater mummy
 68385 | Tomb:3   | Killed a greater mummy
 68400 | Tomb:3   | Noticed a greater mummy
 68408 | Tomb:3   | Noticed a greater mummy
 68413 | Tomb:3   | Noticed an ancient lich
 68422 | Tomb:3   | Killed a greater mummy
 68422 | Tomb:3   | Noticed a greater mummy
 68424 | Tomb:3   | Noticed a greater mummy
 68431 | Tomb:2   | Killed a greater mummy
 68436 | Tomb:2   | Killed an ancient lich
 68436 | Tomb:2   | Reached skill level 15 in Air Magic
 68523 | Tomb:3   | Noticed a greater mummy
 68526 | Tomb:3   | Noticed a greater mummy
 68529 | Tomb:3   | Noticed a greater mummy
 68536 | Tomb:3   | Killed a greater mummy
 68537 | Tomb:3   | Killed a greater mummy
 68548 | Tomb:3   | Killed a greater mummy
 68549 | Tomb:3   | Killed a greater mummy
 68558 | Tomb:3   | Killed a greater mummy
 68786 | Tomb:3   | Got a crude bronze ring
 68970 | Tomb:3   | Got a brightly glowing tin ring
 69155 | Tomb:3   | Got a golden rune of Zot
 69192 | Tomb:3   | Got a faintly glowing falchion
 69195 | Tomb:3   | Identified the +12 falchion of Suthryine {distort, MR+}
                  | (You found it on level 3 of the Tomb of the Ancients)
 69201 | Tomb:3   | Identified the ring of Gofism {*Corrode rF+ rN++ SInv} (You
                  | found it on level 3 of the Tomb of the Ancients)
 69210 | Tomb:3   | Identified the ring of Esoidghui {rN+ Str+2 Dex+2} (You
                  | found it on level 3 of the Tomb of the Ancients)
 69221 | Tomb:3   | Got a transparent whip
 69224 | Tomb:3   | Got a twisted short sword
 69229 | Tomb:3   | Got a bloodstained great sword
 69232 | Tomb:3   | Got a polished scale mail
 69290 | Tomb:3   | Identified the cursed +0 scale mail of Syndicalism {+Fly
                  | rF+ rN+} (You found it on level 3 of the Tomb of the
                  | Ancients)
 69321 | Tomb:3   | Identified the +8 whip of the Modern Wonders {slash,
                  | *Corrode Fragile rF+++ Dex+4} (You found it on level 3 of
                  | the Tomb of the Ancients)
 69323 | Tomb:3   | Identified the +8 short sword "Veud" {pierce, +Rage rC- MR+
                  | SInv} (You found it on level 3 of the Tomb of the Ancients)
 69325 | Tomb:3   | Identified the +7 great sword of World Downfall {slice,
                  | *Slow rF+ Dex+3} (You found it on level 3 of the Tomb of
                  | the Ancients)
 69754 | Vaults:5 | Entered Level 5 of the Vaults
 69881 | Vaults:5 | Noticed an ancient lich
 69966 | Vaults:5 | Killed an ancient lich
 70300 | Vaults:5 | Identified the ring "Vuke" {Wiz *Contam rElec Str+6 Stlth+}
 70456 | Vaults:5 | Found Wattat's Magic Scroll Boutique.
 70783 | Vaults:5 | Bought a scroll of identify for 26 gold pieces
 70783 | Vaults:5 | Bought a scroll of identify for 26 gold pieces
 70783 | Vaults:5 | Bought a scroll of identify for 26 gold pieces
 70801 | Vaults:5 | Found Tattopsi's Magic Scroll Emporium.
 70805 | Vaults:5 | Bought a scroll of identify for 26 gold pieces
 70805 | Vaults:5 | Bought a scroll of identify for 26 gold pieces
 70805 | Vaults:5 | Bought a scroll of identify for 26 gold pieces
 70805 | Vaults:5 | Bought a scroll of identify for 26 gold pieces
 70805 | Vaults:5 | Bought a scroll of enchant armour for 97 gold pieces
 70805 | Vaults:5 | Bought a scroll of enchant armour for 97 gold pieces
 71195 | Vaults:5 | Found Qagolaev's Distillery.
 71199 | Vaults:5 | Got a silver rune of Zot
 71207 | Vaults:5 | Bought 2 potions of mutation for 368 gold pieces
 71207 | Vaults:5 | Bought a potion of resistance for 230 gold pieces
 71207 | Vaults:5 | Bought a potion of resistance for 230 gold pieces
 71207 | Vaults:5 | Bought a potion of curing for 69 gold pieces
 71207 | Vaults:5 | Bought 2 potions of heal wounds for 230 gold pieces
 71207 | Vaults:5 | Bought a potion of brilliance for 92 gold pieces
 71207 | Vaults:5 | Bought a potion of agility for 92 gold pieces
 71382 | Vaults:5 | Bought a potion of ambrosia for 184 gold pieces
 71766 | Depths:4 | Bought the +2 cloak of the Thief {+Fog Slay-2 SInv Stlth+}
                  | for 623 gold pieces
 71766 | Depths:4 | Found the +2 cloak of the Thief {+Fog Slay-2 SInv Stlth+}
 72162 | Snake:2  | Bought the ring "Mekai" {rCorr rC+ Str+2 Int-2} for 578
                  | gold pieces
 72365 | Slime:1  | Entered Level 1 of the Pits of Slime
 72893 | Slime:1  | Found a shimmering altar of Xom.
 75111 | Slime:5  | Entered Level 5 of the Pits of Slime
 75132 | Slime:5  | Noticed the Royal Jelly
 75367 | Slime:5  | Found a viscous altar of Jiyva.
 75369 | Slime:5  | Found the +7 great mace "Firestarter" {inner flame, rF++}
 75495 | Slime:5  | Killed the Royal Jelly
 75743 | Slime:5  | Identified Liown's Reference Book on the Rocks
 75782 | Slime:5  | Got a steaming tin ring
 75828 | Slime:5  | Got a coiled bone amulet
 75857 | Slime:5  | Got a slimy rune of Zot
 76716 | Depths:4 | Identified the ring "Ufimac" {rN+ Dex+4} (You found it on
                  | level 5 of the Pits of Slime)
 76750 | Depths:3 | Identified the amulet "Alel" {Spirit Str+3 Int+2} (You
                  | found it on level 5 of the Pits of Slime)
 76881 | Zot:1    | Entered Level 1 of the Realm of Zot
 80804 | Zot:4    | Noticed an ancient lich
 81021 | Zot:4    | Killed an ancient lich
 81185 | Zot:4    | Identified the amulet of Jeafyiw {+Rage rPois rC+}
 81186 | Zot:4    | Noticed zuik's ghost (legendary DsBe)
 81192 | Zot:4    | Found a runed translucent gate.
 81192 | Zot:4    | Found a runed translucent gate.
 81195 | Zot:4    | Found a runed translucent gate.
 81252 | Zot:4    | Killed zuik's ghost
 81333 | Zot:4    | Found a shimmering altar of Xom.
 81600 | Zot:4    | Found a stormy altar of Qazlal.
 81844 | Zot:5    | Entered Level 5 of the Realm of Zot
 81901 | Zot:5    | Noticed a Killer Klown
 81915 | Zot:5    | Killed a Killer Klown
 82811 | Depths:4 | Voluntarily entered the Abyss.
 82874 | Abyss:1  | Found a transporter.
 83219 | Abyss:1  | Found a corrupted altar of Lugonu.
 84614 | Depths:4 | Escaped the Abyss
 84661 | Depths:4 | Voluntarily entered the Abyss.
 84661 | Abyss:1  | Found a corrupted altar of Lugonu.
 84822 | Abyss:1  | Reached skill level 27 in Air Magic
 85493 | Abyss:2  | Reached skill level 10 in Evocations
 86466 | Abyss:3  | Reached skill level 15 in Fighting
 86670 | Abyss:3  | Found an opulent altar of Gozag.
 86941 | Abyss:3  | Reached skill level 15 in Evocations
 87085 | Abyss:3  | Found an opulent altar of Gozag.
 87106 | Abyss:3  | Found an opulent altar of Gozag.
 87148 | Abyss:3  | Found an opulent altar of Gozag.
 87159 | Abyss:3  | Found an opulent altar of Gozag.
 87287 | Abyss:3  | Found an opulent altar of Gozag.
 87532 | Abyss:3  | Noticed an ancient lich
 87566 | Abyss:4  | Got an ancient tin ring
 87895 | Abyss:4  | Noticed an ancient lich
 87931 | Abyss:4  | Killed an ancient lich
 88355 | Abyss:4  | Noticed an ancient lich
 88373 | Abyss:4  | Killed an ancient lich
 88478 | Abyss:5  | Entered Level 5 of the Abyss
 88478 | Abyss:5  | Entered Level 5 of the Abyss
 88717 | Depths:4 | Escaped the Abyss
 88720 | Depths:4 | Identified the ring of Wahah {Fire +Inv Str+2 Int-3} (You
                  | found it on level 4 of the Abyss)
 88808 | Zig:1    | Entered Level 1 of a ziggurat
 88855 | Zig:2    | Entered Level 2 of a ziggurat
 88898 | Zig:3    | Entered Level 3 of a ziggurat
 88945 | Zig:4    | Entered Level 4 of a ziggurat
 88949 | Zig:4    | Reached skill level 5 in Fire Magic
 88997 | Zig:5    | Entered Level 5 of a ziggurat
 89030 | Zig:5    | Got a smoking long sword
 89061 | Zig:6    | Entered Level 6 of a ziggurat
 89105 | Zig:6    | Got a brightly glowing iron ring
 89136 | Zig:6    | Identified the +1 long sword "Voitwoolonn" {flame, rElec}
                  | (You found it on level 5 of a ziggurat)
 89139 | Zig:6    | Got a thick robe
 89150 | Zig:6    | Identified the +2 robe of Jigsaw {rPois MR+ Int-2} (You
                  | found it on level 6 of a ziggurat)
 89158 | Zig:6    | Got a dazzling long sword
 89159 | Zig:6    | Identified the +4 long sword of Dagyso Uthruc {speed,
                  | Fragile rPois rF+ rN+} (You found it on level 6 of a
                  | ziggurat)
 89168 | Zig:6    | Identified the cursed ring "Dawk" {Int+2 Slay-4} (You found
                  | it on level 6 of a ziggurat)
 89192 | Zig:7    | Entered Level 7 of a ziggurat
 89260 | Zig:8    | Entered Level 8 of a ziggurat
 89342 | Zig:9    | Entered Level 9 of a ziggurat
 89356 | Zig:9    | Reached skill level 10 in Fire Magic
 89392 | Zig:9    | Identified Guskulilu's Papyrus of the Traveller and
                  | Creation
 89434 | Zig:10   | Entered Level 10 of a ziggurat
 89830 | Zig:10   | Got a bloodstained hand crossbow
 89837 | Zig:10   | Identified the +2 hand crossbow of Parts Unknown {velocity,
                  | Int+6} (You found it on level 10 of a ziggurat)
 89848 | Zig:11   | Entered Level 11 of a ziggurat
 89970 | Zig:11   | Got a polished long sword
 89979 | Zig:11   | Got a twisted great sword
 89996 | Zig:12   | Entered Level 12 of a ziggurat
 90021 | Zig:12   | Noticed Open the pandemonium lord
 90040 | Zig:12   | Killed Open the pandemonium lord
 90097 | Zig:12   | Found the +8 mithril axe "Arga" {speed, MR+}
 90101 | Zig:12   | Got a steaming gossamer ring
 90144 | Zig:12   | Got a faintly glowing cloak
 90156 | Zig:13   | Entered Level 13 of a ziggurat
 90160 | Zig:13   | Noticed a juggernaut
 90168 | Zig:13   | Noticed a juggernaut
 90171 | Zig:13   | Killed a juggernaut
 90179 | Zig:13   | Found the +8 orange crystal plate armour {Archmagi, Int+3
                  | Clar}
 90182 | Zig:13   | Killed a juggernaut
 90325 | Zig:13   | Identified the +0 cloak of the Final Friends {*Slow rElec
                  | rPois Regen+} (You found it on level 12 of a ziggurat)
 90336 | Zig:14   | Entered Level 14 of a ziggurat
 90345 | Zig:14   | Noticed a juggernaut
 90347 | Zig:14   | Noticed a juggernaut
 90349 | Zig:14   | Noticed a juggernaut
 90349 | Zig:14   | Noticed a juggernaut
 90354 | Zig:14   | Killed a juggernaut
 90354 | Zig:14   | Killed a juggernaut
 90354 | Zig:14   | Noticed a juggernaut
 90355 | Zig:14   | Killed a juggernaut
 90359 | Zig:14   | Killed a juggernaut
 90364 | Zig:14   | Killed a juggernaut
 90445 | Zig:14   | Got a coiled bronze ring
 90514 | Zig:14   | Got a smoking arbalest
 90518 | Zig:14   | Got a creamy pearl robe
 90536 | Zig:14   | Identified the cursed +0 robe "Fomah" {Dex+2} (You found it
                  | on level 14 of a ziggurat)
 90548 | Zig:14   | Identified the ring "Muimpan" {rF+ rC+ MP+9 Str+3 Dex+2}
                  | (You found it on level 12 of a ziggurat)
 90550 | Zig:14   | Identified the ring "Zise" {+Inv rPois Int+7 Slay-4 Stlth-}
                  | (You found it on level 14 of a ziggurat)
 90566 | Zig:15   | Entered Level 15 of a ziggurat
 90640 | Zig:15   | HP: 3/226 [quicksilver dragon (11)]
 90763 | Zig:15   | Got a brightly glowing silver ring
 90809 | Zig:16   | Entered Level 16 of a ziggurat
 90814 | Zig:16   | Identified the ring of Lullaloibeo {Str+4 SInv} (You found
                  | it on level 15 of a ziggurat)
 90895 | Zig:16   | Found the +4 robe of Augmentation {Str+4 Int+4 Dex+4}
 90914 | Zig:16   | Identified Sif Muna's Papyrus of Creative Clay
 90917 | Zig:16   | Got a transparent tin ring
 91036 | Zig:17   | Entered Level 17 of a ziggurat
 91061 | Zig:17   | Reached skill level 10 in Dodging
 91233 | Zig:17   | Identified the ring "Ytuno" {+Blink rF- rC+ Str+4 Dex-4}
                  | (You found it on level 16 of a ziggurat)
 91350 | Zig:18   | Entered Level 18 of a ziggurat
 91482 | Zig:18   | Identified Sif Muna's Grimoire of Protection and
                  | Transformation
 91488 | Zig:18   | Got a fine granite ring
 91620 | Zig:18   | Identified the ring of the Camelopard {rC+++ rN++ Str-2
                  | Int+5 Stlth-} (You found it on level 18 of a ziggurat)
 91679 | Zig:19   | Entered Level 19 of a ziggurat
 91845 | Zig:19   | Got a scorched silver amulet
 91850 | Zig:19   | Identified the amulet "Mabovocw" {Reflect MR+ SH+5} (You
                  | found it on level 19 of a ziggurat)
 91997 | Zig:20   | Entered Level 20 of a ziggurat
 92042 | Zig:20   | Noticed Xunetes the pandemonium lord
 92082 | Zig:20   | Killed Xunetes the pandemonium lord
 92192 | Zig:20   | Identified the Tome of Bewitching Poison
 92195 | Zig:20   | Got a faintly glowing silver ring
 92303 | Zig:20   | Identified the ring "Kosarac" {Ice rPois Str+6} (You found
                  | it on level 20 of a ziggurat)
 92308 | Zig:21   | Entered Level 21 of a ziggurat
 92341 | Zig:21   | Found the +8 whip "Snakebite" {curare, rPois}
 92490 | Zig:21   | Got a wavering tin ring
 92500 | Zig:21   | Identified the Disquisition on Burning Calling
 92520 | Zig:21   | Identified the Disquisition on Augmentations
 92606 | Zig:21   | Identified the ring "Ragear" {rF++ rC+ Stlth-} (You found
                  | it on level 21 of a ziggurat)
 92627 | Zig:21   | Identified a +0 pair of boots of running (You found it on
                  | level 21 of a ziggurat)
 92674 | Zig:22   | Entered Level 22 of a ziggurat
 92798 | Zig:22   | Identified Epym's Reference Book on the Volcanoes and the
                  | Oath
 92927 | Zig:22   | Got a transparent pewter ring
 92938 | Zig:22   | Identified the Disquisition on Enthralling Cold
 92945 | Zig:22   | Identified the ring of Jimah {rPois rC+ Int+2 Stlth+} (You
                  | found it on level 22 of a ziggurat)
 93034 | Zig:23   | Entered Level 23 of a ziggurat
 93046 | Zig:23   | Noticed a Killer Klown
 93048 | Zig:23   | Noticed a Killer Klown
 93050 | Zig:23   | Noticed a Killer Klown
 93052 | Zig:23   | Noticed Uxoagiag the pandemonium lord
 93053 | Zig:23   | Reached skill level 15 in Armour
 93054 | Zig:23   | Noticed a Killer Klown
 93057 | Zig:23   | Noticed Jatent the pandemonium lord
 93057 | Zig:23   | Noticed a Killer Klown
 93058 | Zig:23   | Killed a Killer Klown
 93058 | Zig:23   | Killed a Killer Klown
 93058 | Zig:23   | Killed a Killer Klown
 93058 | Zig:23   | Noticed Bin Wety the pandemonium lord
 93058 | Zig:23   | Noticed a Killer Klown
 93059 | Zig:23   | Noticed Janog the pandemonium lord
 93060 | Zig:23   | Noticed Bison the pandemonium lord
 93060 | Zig:23   | Noticed Tocufej the pandemonium lord
 93060 | Zig:23   | Noticed Ovigeomu the pandemonium lord
 93069 | Zig:23   | Killed a Killer Klown
 93070 | Zig:23   | Noticed Qil Akh the pandemonium lord
 93071 | Zig:23   | Killed a Killer Klown
 93072 | Zig:23   | Noticed a Killer Klown
 93075 | Zig:23   | Killed Janog the pandemonium lord
 93075 | Zig:23   | Killed Uxoagiag the pandemonium lord
 93079 | Zig:23   | Noticed Haloapos the pandemonium lord
 93080 | Zig:23   | Killed a Killer Klown
 93080 | Zig:23   | Killed a Killer Klown
 93080 | Zig:23   | Killed Tocufej the pandemonium lord
 93080 | Zig:23   | Killed Jatent the pandemonium lord
 93080 | Zig:23   | Noticed Nyana the pandemonium lord
 93081 | Zig:23   | Killed Bin Wety the pandemonium lord
 93081 | Zig:23   | Killed Qil Akh the pandemonium lord
 93081 | Zig:23   | Killed Bison the pandemonium lord
 93083 | Zig:23   | Killed Ovigeomu the pandemonium lord
 93092 | Zig:23   | Noticed Zeusu the pandemonium lord
 93099 | Zig:23   | Killed Haloapos the pandemonium lord
 93104 | Zig:23   | Killed Nyana the pandemonium lord
 93121 | Zig:23   | Killed Zeusu the pandemonium lord
 93291 | Zig:23   | Identified the Grimoire of Floating Aid
 93337 | Zig:24   | Entered Level 24 of a ziggurat
 93522 | Zig:24   | Found the ring of the Octopus King
 93530 | Zig:24   | Identified the Disquisition on Air and Execration
 93535 | Zig:24   | Got a brightly glowing golden amulet
 93546 | Zig:24   | Identified the Catalogue of Destructive Stones
 93550 | Zig:24   | Identified the Handbook of Feathers
 93558 | Zig:24   | Identified the Incunabulum of Execration and Intoxication
 93561 | Zig:24   | Identified the amulet of the Blind Eye {Regen+ Str+2 Dex+2}
                  | (You found it on level 24 of a ziggurat)
 93569 | Zig:24   | Got a faintly glowing ivory ring
 93570 | Zig:24   | Identified the ring of Huzu {Ice rPois rN++ Str+4} (You
                  | found it on level 24 of a ziggurat)
 93573 | Zig:24   | Got a ring of the Octopus King
 93664 | Zig:25   | Entered Level 25 of a ziggurat
 93828 | Zig:25   | Identified Sif Muna's Papyrus of the Damaging Arsonist
 93981 | Zig:26   | Entered Level 26 of a ziggurat
 93990 | Zig:26   | Identified a ring of the Octopus King {rN+ AC+1 EV+1 Str+1
                  | Int+1 Dex+1} (You found it on level 24 of a ziggurat)
 94192 | Zig:26   | Identified the ring "Foejif" {+Blink rF- MR+++ Str+2
                  | Stlth+} (You found it on level 26 of a ziggurat)
 94195 | Zig:26   | Identified the Reference Book on Ashen Boosts
 94203 | Zig:26   | Identified the cursed ring of Masey {rPois rF+ rC+ AC-5}
                  | (You found it on level 26 of a ziggurat)
 94214 | Zig:26   | Identified the Collected Works on Glacial Attacks
 94217 | Zig:26   | Got a wavering granite ring
 94282 | Zig:27   | Entered Level 27 of a ziggurat
 94326 | Zig:27   | Reached skill level 10 in Stealth
 94528 | Zig:27   | Identified the ring of the Two Names {*Corrode rC+ MP+9
                  | Str+2} (You found it on level 26 of a ziggurat)
 94532 | Zig:27   | Got an ancient ruby amulet
 94533 | Zig:27   | Identified the amulet "Tuor" {Faith rF+ rN+ Dex+4} (You
                  | found it on level 27 of a ziggurat)
 94555 | Zig:27   | Got a smoking bronze ring
 94557 | Zig:27   | Identified the ring of Generosity {*Drain rN+ Dex+3} (You
                  | found it on level 27 of a ziggurat)
 94677 | Depths:4 | Reached skill level 15 in Dodging
 94824 | Coc:1    | Entered Level 1 of Cocytus
 94829 | Coc:1    | You fall through a shaft!
 94833 | Coc:2    | You fall through a shaft!
 94836 | Coc:3    | You fall through a shaft for 3 floors!
 94839 | Coc:6    | You fall through a shaft!
 94839 | Coc:7    | Entered Level 7 of Cocytus
 94897 | Coc:7    | Noticed a shard shrike
 94902 | Coc:7    | Killed a shard shrike
 95411 | Coc:7    | Reached skill level 27 in Fighting
 95611 | Coc:7    | Noticed Antaeus
 95644 | Coc:7    | Killed Antaeus
 95660 | Coc:7    | Got an icy rune of Zot
 95954 | Coc:7    | Noticed a shard shrike
 95958 | Coc:7    | Killed a shard shrike
 96039 | Geh:1    | Entered Level 1 of Gehenna
 96043 | Geh:1    | You fall through a shaft!
 96046 | Geh:2    | You fall through a shaft for 2 floors!
 96049 | Geh:4    | You fall through a shaft for 2 floors!
 96052 | Geh:6    | You fall through a shaft!
 96052 | Geh:7    | Entered Level 7 of Gehenna
 96237 | Geh:7    | Killed from afar by a hellion

Skill      XL: |  1  2  3  4  5  6  7  8  9 10 11 12 13 14 15 16 17 18 19 20 21 22 23 24 25 26 27 |
---------------+----------------------------------------------------------------------------------+-----
Conjurations   | 1 2 3 4 5 6 |  6.0
Poison Magic   | 1 3 4 8 |  8.1
Fire Magic     | 1 2 3 4 13 | 13.9
Stealth        | 4 5 6 13 | 13.6
Air Magic      | 1 3 4 5 9 10 27 | 27.0
Shields        | 5 10 15 26 | 26.4
Slings         | 1 |  1.0
Dodging        | 3 6 7 8 15 | 15.8
Armour         | 4 5 7 9 10 18 | 18.5
Fighting       | 3 5 7 9 10 27 | 27.0
Necromancy     | 3 6 8 11 15 16 18 19 | 19.0
Charms         | 3 4 5 6 7 9 10 | 10.0
Spellcasting   | 4 5 6 7 8 13 16 20 | 20.9
Evocations     | 5 6 26 | 26.8
Polearms       | 4 5 9 12 | 12.0
Hexes          | 3 6 |  6.0
Ice Magic      | 2 5 6 |  6.0
Earth Magic    | 3 7 8 11 12 15 27 | 27.0
Transmutations | 6 10 14 18 19 | 19.0
Summonings     | 2 10 | 10.0
Translocations | |  0.8

Action                   |  1- 3 |  4- 6 |  7- 9 | 10-12 | 13-15 | 16-18 | 19-21 | 22-24 | 25-27 || total
-------------------------+-------+-------+-------+-------+-------+-------+-------+-------+-------++-------
Melee: Club              |     5 |     2 |       |       |       |       |       |       |       ||     7
       Hand axe          |       |     2 |    66 |   100 |   116 |       |       |       |       ||   284
       Hunting sling     |       |       |       |     1 |       |       |       |       |       ||     1
       Halberd           |       |       |       |       |   870 |   785 |       |       |       ||  1655
       Scimitar          |       |       |       |       |    47 |    33 |       |       |       ||    80
       Demon trident     |       |       |       |       |       |       |   671 |  1052 |  2377 ||  4100
       Staff             |       |       |       |       |       |       |       |       |    85 ||    85
 Fire: Hunting sling     |       |    35 |   243 |   600 |       |       |       |       |       ||   878
       Longbow           |       |       |       |       |       |       |     8 |       |       ||     8
 Cast: Magic Dart        |    76 |   108 |    98 |   128 |    95 |       |       |       |       ||   505
       Mephitic Cloud    |       |     2 |    31 |   121 |   158 |    25 |     6 |     6 |     1 ||   350
       Conjure Flame     |       |     3 |    12 |    63 |   110 |    14 |     6 |     6 |     7 ||   221
       Regeneration      |       |       |       |    19 |    67 |    95 |    49 |    20 |    75 ||   325
       Sublimation of Bl |       |       |       |    11 |    49 |   113 |    19 |     6 |    35 ||   233
       Dispel Undead     |       |       |       |       |    31 |    14 |     5 |     2 |    26 ||    78
       Spectral Weapon   |       |       |       |       |    53 |   115 |    93 |   141 |   223 ||   625
       Ozocubu's Armour  |       |       |       |       |    12 |    35 |    18 |     4 |   117 ||   186
       Borgnjor's Vile C |       |       |       |       |     1 |   166 |   111 |    47 |   430 ||   755
       Deflect Missiles  |       |       |       |       |       |       |     7 |     2 |     8 ||    17
       Necromutation     |       |       |       |       |       |       |       |       |   398 ||   398
       Aura of Abjuratio |       |       |       |       |       |       |       |       |    17 ||    17
       Shatter           |       |       |       |       |       |       |       |       |   732 ||   732
       Tornado           |       |       |       |       |       |       |       |       |   437 ||   437
Invok: Receive Necronomi |       |       |       |       |     1 |       |       |       |       ||     1
       Renounce Religion |       |       |       |       |     1 |       |       |       |       ||     1
       Potion Petition   |       |       |       |       |       |       |       |       |    64 ||    64
       Call Merchant     |       |       |       |       |       |       |       |       |     5 ||     5
 Abil: Dig               |     1 |     3 |     3 |    17 |    38 |     9 |    14 |     1 |    44 ||   130
       End Transformatio |       |       |       |       |       |       |       |       |    22 ||    22
       Shaft Self        |       |       |       |       |       |       |       |       |     8 ||     8
       Evoke Fog         |       |       |       |       |       |       |       |       |     7 ||     7
Evoke: Wand              |       |       |       |       |     6 |       |     4 |       |     1 ||    11
       Lamp of fire      |       |       |       |       |     1 |       |       |       |     5 ||     6
       Staff of energy   |       |       |       |       |       |       |       |       |  4328 ||  4328
       Phial of floods   |       |       |       |       |       |       |       |       |     2 ||     2
       Horn of Geryon    |       |       |       |       |       |       |       |       |     1 ||     1
  Use: Scroll            |       |       |    12 |     8 |    13 |     8 |    13 |     1 |    24 ||    79
       Potion            |       |       |       |     1 |     2 |     2 |     6 |       |    30 ||    41
 Stab: Sleeping          |       |       |     1 |       |     8 |    10 |     5 |    24 |    15 ||    63
       Confused          |       |       |     8 |    10 |    65 |    10 |     2 |     2 |       ||    97
       Distracted        |       |       |       |       |     2 |     9 |    11 |    18 |    40 ||    80
       Invisible         |       |       |       |       |       |     2 |       |       |     3 ||     5
       Fleeing           |       |       |       |       |       |       |     1 |       |       ||     1
  Eat: Chunk             |     1 |     9 |    11 |    32 |    20 |       |       |       |       ||    73
       Ration            |       |       |     2 |     1 |    11 |    18 |     8 |    10 |    20 ||    70
Armor: Leather armour    |     4 |     3 |    21 |    62 |       |       |       |       |       ||    90
       Troll leather arm |       |       |       |    10 |   161 |   275 |   112 |    93 |  1189 ||  1840
Dodge: Dodged            |    17 |    13 |    68 |   139 |   294 |   633 |   272 |   212 |  1771 ||  3419
       Deflected         |       |       |       |       |       |       |    28 |    33 |    99 ||   160
Block: Buckler           |       |       |     8 |    64 |     9 |       |       |       |       ||    81
       Large shield      |       |       |       |       |   555 |   983 |   423 |   458 |  3408 ||  5827
       Rpst.: Scimitar   |       |       |       |       |     2 |     6 |       |       |       ||     8
